 Dungeon Crawl Stone Soup version 0.30.0-29-ga12c61a403 (webtiles) character file.

Game seed: 17934742930091983486

4676 Gorgondantess the Arsonist (level 10, -4/45 HPs)
             Began as a Tengu Fire Elementalist on June 22, 2023.
             Was a Follower of Hepliaklqana.
             Shot with an arrow by a centaur warrior (16 damage)
             ... on level 8 of the Dungeon.
             The game lasted 00:26:34 (8534 turns).

Gorgondantess the Arsonist (TeFE)                   Turns: 8534, Time: 00:26:34

Health: -4/45      AC: 13    Str: 10    XL:     10   Next: 44%
Magic:  6/20       EV: 12    Int: 24    God:    Hepliaklqana [*.....]
Gold:   222        SH:  0    Dex: 14    Spells: 11/21 levels left

rFire   . . .        F - +3 rapier (freeze)
rCold   . . .        (no shield)
rNeg    . . .        p - +3 ring mail of Mumblety Peg {Int+5}
rPois   .            (helmet restricted)
rElec   .            n - +0 cloak
rCorr   .            c - +1 pair of gloves
SInv    .            (boots unavailable)
Will    .....        (no amulet)
Stlth   ++           w - ring of Lainuh {Fly Stlth+}
HPRegen 0.27/turn    (no ring)
MPRegen 0.17/turn

%: no passive effects
@: flying quickly and evasively, quick
A: reduced essence, beak, talons 3, nimble flight
a: Renounce Religion, Recall Ancestor, Ancestor Identity


You were on level 8 of the Dungeon.
You worshipped Hepliaklqana.
Hepliaklqana was aware of your devotion.
You visited 2 branches of the dungeon, and saw 9 of its levels.
You also visited: Ossuary.

You collected 348 gold pieces.
You spent 126 gold pieces at shops.

Inventory:

Hand Weapons
 e - a +0 spear
 k - a +1 dagger of venom
 F - a +3 rapier of freezing (weapon)
 G - a +2 trident
 K - the +9 falchion of Ruse Cuo {freeze, MP-9 Str+4 Int+4}
   (You found it on level 7 of the Dungeon)

   Str:       It affects your strength (+4).
   Int:       It affects your intelligence (+4).
   MP:        It affects your magic capacity (-9).
Missiles
 L - 20 poisoned darts
Armour
 a - a +0 robe
 c - a +1 pair of gloves (worn)
 g - a +0 leather armour
 n - a +0 cloak (worn)
 p - the +3 ring mail of Mumblety Peg (worn) {Int+5}
   (You found it on level 2 of the Dungeon)

   Int:       It affects your intelligence (+5).
 v - the +1 leather armour of Yschoi Zeumu {rN+ Int-2 Dex+2}
   (You bought it in a shop on level 3 of the Dungeon)

   Int:       It affects your intelligence (-2).
   Dex:       It affects your dexterity (+2).
   rN:        It protects you from negative energy.
 J - an orb of guile
 M - the +1 robe of the Resonant God {rPois rF+ Int+2 Dex-5}
   (You found it on level 7 of the Dungeon)

   Int:       It affects your intelligence (+2).
   Dex:       It affects your dexterity (-5).
   rF:        It protects you from fire.
   rPois:     It protects you from poison.
 O - a +0 buckler
Jewellery
 w - the ring of Lainuh (left hand) {Fly Stlth+}
   (You found it on level 3 of the Dungeon)

   [ring of flight]

   Fly:       It grants you flight.
   Stlth:     It makes you more stealthy.
Wands
 q - a wand of light (9)
 z - a wand of flame (30)
 B - a wand of polymorph (21)
 N - a wand of digging (8)
Scrolls
 h - a scroll of fog
 i - 4 scrolls of vulnerability
 l - a scroll of teleportation
 m - a scroll of poison
 t - 4 scrolls of enchant armour
 u - 2 scrolls of enchant weapon
 y - 2 scrolls of amnesia
 A - 3 scrolls of magic mapping {unknown}
 C - 3 scrolls of fear {unknown}
Potions
 b - 2 potions of magic
 d - 3 potions of might
 f - a potion of heal wounds
 j - a potion of mutation
 o - 5 potions of degeneration {unknown}
 r - 2 potions of ambrosia
 s - a potion of resistance
 x - 8 potions of curing
 D - 2 potions of attraction {unknown}
 E - a potion of flight {unknown}
 H - a potion of haste {unknown}
 I - a potion of brilliance {unknown}


   Skills:
 - Level 2.0 Short Blades
 + Level 7.1 Armour
 - Level 2.1 Dodging
 - Level 2.0 Stealth
 + Level 6.3 Spellcasting
 + Level 9.3 Conjurations
 - Level 1.0 Translocations
 * Level 10.5 Fire Magic


You had 11 spell levels left.
You knew the following spells:

 Your Spells              Type           Power      Damage    Failure   Level
a - Foxfire               Conj/Fire      100%       2x1d9     1%          1
b - Scorch                Fire           100%       2d9       1%          2
c - Volatile Blastmotes   Fire/Tloc      70%        2d15      4%          3
d - Flame Wave            Conj/Fire      53%        2d13      2%          4

Your spell library contained the following spells:

 Spells                   Type           Power      Damage    Failure   Level
 Inner Flame              Hex/Fire       32%        N/A       6%          3
 Hailstorm                Conj/Ice       30%        3d8       8%          3
 Stone Arrow              Conj/Erth      60%        3d10      8%          3
 Freeze                   Ice            28%        1d5       17%         1
 Necrotise                Necr           28%        1d5       17%         1
 Sandblast                Erth           14%        2d6       17%         1
 Passwall                 Tmut/Erth      5%         N/A       26%         2
 Sublimation of Blood     Necr           7%         N/A       26%         2
 Wereblood                Tmut           7%         N/A       26%         2
 Frozen Ramparts          Ice            14%        1d3       45%         3
 Vampiric Draining        Necr           7%         2d6       45%         3
 Animate Dead             Necr           7%         N/A       86%         4
 Agony                    Necr           7%         N/A       99%         5
 Haunt                    Necr/Summ      3%         N/A       100%        7
 Malign Gateway           Summ/Tloc      5%         N/A       100%        7
 Summon Hydra             Summ           3%         N/A       100%        7
 Infestation              Necr           3%         N/A       100%        8
 Summon Horrible Things   Summ           3%         N/A       100%        8


Dungeon Overview and Level Annotations

Branches:
Dungeon (8/15)             Temple (1/1) D:6         Ossuary (visited)
   Lair: D:8-11

Altars:
Ashenzari
Cheibriados
Dithmenos
Fedhas
Gozag
Hepliaklqana
Kikubaaqudgha
Makhleb
Nemelex Xobeh
Okawaru
Qazlal
Ru
Sif Muna
Trog
Uskayaw
Vehumet
Wu Jian
Xom
Yredelemnul
Zin
The Shining One

Shops:
D:3 [==

Annotations:
D:2 Sigmund
D:6 1 runed translucent door, BONEBRO's ghost, novice DsFi
D:8 exclusion: door


Innate Abilities, Weirdness & Mutations

Your life essence is reduced to manifest your ancestor. (-10% HP)
You have a beak for a mouth.
You have claws for feet.
Your magical nature lets you fly swiftly and evasively.


Message History

The skeletal warrior is blinded.
Unknown command.
Aiming: Bolt of Light
Press: ? - help, Shift-Dir - straight line, f/p - skeletal warrior
Aim: a skeletal warrior, wielding a +0 trident (severely damaged, blind, 71% to hit)
The bolt of light hits the skeletal warrior!
The skeletal warrior is almost destroyed.
The skeletal warrior hits you from afar with a +0 trident.
Casting: Scorch (safe; 1% risk of failure)
Confirm with . or Enter, or press ? or * to list all spells.
Flames lash the skeletal warrior but do no damage.
The skeletal warrior is no longer blind.
Unknown command.
Aiming: Bolt of Light
Press: ? - help, Shift-Dir - straight line, f/p - skeletal warrior
Aim: a skeletal warrior, wielding a +0 trident (almost destroyed, 71% to hit)
The bolt of light hits the skeletal warrior but does no damage.
The skeletal warrior is almost destroyed.
The skeletal warrior is blinded.
The skeletal warrior hits you from afar with a +0 trident.
Aiming: Bolt of Light
Press: ? - help, Shift-Dir - straight line, f/p - skeletal warrior
Aim: a skeletal warrior, wielding a +0 trident (almost destroyed, blind, 71% to hit)
The bolt of light hits the skeletal warrior!
You destroy the skeletal warrior!
Your Armour skill increases to level 7!
You see here a +0 trident.
You start resting. Æðelind emerges from the mists of memory!
You start resting.
A centaur warrior is nearby!
The centaur warrior wields a +0 longbow.
The centaur warrior shoots an arrow.
The arrow hits you!!
Ouch! That really hurt!
* * * LOW HITPOINT WARNING * * *
You feel much better.
The centaur warrior shoots an arrow.
The arrow hits you!
The centaur warrior shoots an arrow.
The arrow hits you!
* * * LOW HITPOINT WARNING * * *
The centaur warrior shoots an arrow.
The arrow hits you!
You die...

####.#.###............
#..................###
#.##.#...Rc........###
##.##.)....####........
##...###)..## #.....###
####.....##...# ##'##..#
#........##...# #8.8##.#
#.##.....##..#####8.8#####
#.###.....@..#)#.#8.8#.#.##
#.# #######.###..'.).'..##.
###.# #.##...##8##...##
##.#.# #.##'#########+##
#.#..######
#.#..#.......#).#
####...........
..#..#.⌠...⌠.#..#
..........#####
###..#..⌠....#R.#
########### ##)†...⌠..)'.##
####....R.)####


You could see the friendly Æðelind the ancestor and a centaur warrior (ally
target).

Vanquished Creatures
  A skeletal warrior (D:8)
  A hornet (D:7)
  A wyvern (D:8)
  Eustachio (D:5)
  A basilisk (D:8)
  Menkaure (D:4)
  A water moccasin (D:7)
  2 orc warriors (D:7)
  A sky beast (D:6)
  3 black bears
  3 ogres
  3 centaurs
  A phantom (D:5)
  2 kobold brigands (D:8)
  2 bullfrogs (D:8)
  A gnoll sergeant (D:8)
  6 scorpions
  4 wights (D:5)
  A killer bee (D:8)
  A centaur zombie (D:6)
  2 jellies
  3 hounds (D:5)
  A gnoll bouda (D:6)
  An orc priest (D:7)
  A bullfrog skeleton (D:6)
  3 iguanas
  2 sleepcaps (D:6)
  Natasha (thrice) (D:2)
  Ijyb (D:4)
  8 orc wizards
  3 mummies (Ossuary)
  Robin (D:2)
  17 gnolls
  5 adders
  A shadow imp (D:5)
  3 white imps
  An ufetubus (D:5)
  2 adder zombies (Ossuary)
  2 worms
  15 orcs
  4 ball pythons
  3 bats
  7 endoplasms
  4 giant cockroaches
  14 goblins
  9 hobgoblins
  2 jackals (D:2)
  4 quokkas
  2 goblin zombies (Ossuary)
  5 hobgoblin zombies (Ossuary)
  6 kobolds
  2 kobold zombies (Ossuary)
  5 quokka zombies (Ossuary)
  4 rats
  2 rat zombies (Ossuary)
185 creatures vanquished.

Vanquished Creatures (collateral kills)
  A centaur (D:8)
  A gnoll sergeant (D:8)
2 creatures vanquished.

Vanquished Creatures (others)
  3 ancestors (D:8)
  217 foxfires
220 creatures vanquished.

Grand Total: 407 creatures vanquished

Notes
Turn   | Place    | Note
-------+----------+-------------------------------------------
     0 | D:1      | Gorgondantess the Tengu Fire Elementalist began the quest
                  | for the Orb.
     0 | D:1      | Reached XP level 1. HP: 10/10 MP: 4/4
   168 | D:1      | Reached XP level 2. HP: 15/15 MP: 4/6
   171 | D:1      | Learned a level 2 spell: Scorch
   626 | D:2      | Reached XP level 3. HP: 19/19 MP: 0/7
   850 | D:2      | Noticed Sigmund
   913 | D:2      | Reached XP level 4. HP: 24/24 MP: 1/8
  1065 | D:2      | Noticed Natasha
  1072 | D:2      | Killed Natasha
  1073 | D:2      | Reached skill level 4 in Fire Magic
  1077 | D:2      | Learned a level 3 spell: Volatile Blastmotes
  1446 | D:2      | Noticed Robin
  1457 | D:2      | Killed Robin
  1458 | D:2      | Gained mutation: Your magical nature lets you fly swiftly
                  | and evasively. [Tengu growth]
  1458 | D:2      | Reached XP level 5. HP: 23/28 MP: 0/10
  1581 | D:2      | Identified the +3 ring mail of Mumblety Peg {Int+5}
  1598 | D:2      | Noticed Natasha
  1604 | D:2      | Killed Natasha
  1765 | D:2      | Noticed Natasha
  1768 | D:2      | Killed Natasha
  2167 | D:3      | Found a faded altar of an unknown god.
  2209 | D:3      | Found Kuxiavett's Jewellery Emporium.
  2325 | D:3      | Found Immostaw's Antique Armour Shoppe.
  2330 | D:3      | Bought a translucent leather armour for 126 gold pieces
  2330 | D:3      | Identified the +1 leather armour of Yschoi Zeumu {rN+ Int-2
                  | Dex+2} (You bought it in a shop on level 3 of the Dungeon)
  2408 | D:3      | Identified the ring of Lainuh {Fly Stlth+}
  2428 | D:3      | Found Golo's Jewellery Boutique.
  2710 | D:4      | Noticed a black bear
  2720 | D:4      | Killed a black bear
  2721 | D:4      | Reached skill level 1 in Armour
  2721 | D:4      | Reached skill level 5 in Conjurations
  2721 | D:4      | Reached skill level 1 in Translocations
  2721 | D:4      | Reached XP level 6. HP: 28/32 MP: 2/11
  2831 | D:4      | Reached skill level 5 in Fire Magic
  2918 | D:4      | Found a shimmering altar of Xom.
  2921 | D:4      | Found an opulent altar of Gozag.
  2931 | D:4      | Noticed Menkaure
  2936 | D:4      | Killed Menkaure
  2937 | D:4      | Reached XP level 7. HP: 36/36 MP: 1/13
  3082 | D:4      | Noticed Ijyb
  3097 | D:4      | Killed Ijyb
  3212 | D:4      | Found a sand-covered staircase.
  3224 | Ossuary  | Entered an ossuary
  4088 | D:5      | Entered Level 5 of the Dungeon
  4102 | D:5      | Reached skill level 6 in Fire Magic
  4280 | D:5      | Reached XP level 8. HP: 38/41 MP: 14/14
  4378 | D:5      | Noticed Eustachio
  4392 | D:5      | Killed Eustachio
  4676 | D:5      | Reached skill level 1 in Short Blades
  4758 | D:5      | Reached skill level 7 in Fire Magic
  5262 | D:6      | Reached skill level 5 in Armour
  5351 | D:6      | Found a runed translucent door.
  5351 | D:6      | Noticed BONEBRO's ghost (novice DsFi)
  5380 | D:6      | Found a bloodstained altar of Trog.
  5389 | D:6      | Reached XP level 9. HP: 44/45 MP: 17/17
  5428 | D:6      | Reached skill level 8 in Fire Magic
  5699 | D:6      | Reached skill level 5 in Spellcasting
  6011 | D:6      | Found a staircase to the Ecumenical Temple.
  6018 | Temple   | Entered the Ecumenical Temple
  6125 | Temple   | Became a worshipper of Hepliaklqana the Forgotten
  6286 | D:7      | Found a shadowy altar of Dithmenos.
  6333 | D:7      | Noticed a hornet
  6341 | D:7      | Killed a hornet
  6428 | D:7      | Identified the +9 falchion of Ruse Cuo {freeze, MP-9 Str+4
                  | Int+4}
  6527 | D:7      | Learned a level 4 spell: Flame Wave
  6609 | D:7      | Reached skill level 9 in Fire Magic
  6873 | D:7      | Found an iron altar of Okawaru.
  6895 | D:7      | Identified the +1 robe of the Resonant God {rPois rF+ Int+2
                  | Dex-5}
  7181 | D:8      | Reached XP level 10. HP: 12/50 MP: 7/19
  7896 | D:8      | Reached * piety under Hepliaklqana
  7991 | D:8      | Reached skill level 10 in Fire Magic
  8131 | D:8      | Noticed a skeletal warrior
  8131 | D:8      | Noticed a centaur warrior
  8503 | D:8      | Killed a skeletal warrior
  8534 | D:8      | Shot with an arrow by a centaur warrior

Illustrated notes

Levels and vault maps discovered:
D:1:      elethiomel_arrival_shortcut, layout_rooms, minivault_25
D:2:      layout_basic, minmay_misc_feat_rows, uniq_natasha, uniq_robin,
          uniq_sigmund
D:3:      layout_loops_ring, serial_shops, shop, nicolae_shop_gaudy_bauble,
          nicolae_shop_rolling_square, hellmonk_ecumenical_altar_crossroads,
          kennysheep_generic_room_11
D:4:      layout_gridville, mainiacjoe_overflow_big_doors,
          nicolae_ossuary_entry_monument, uniq_menkaure, uniq_ijyb
D:5:      layout_loops_ring, grunt_decor_mini_mirrors, kennysheep_potato,
          uniq_eustachio
D:6:      layout_cave_pools, mainiacjoe_overflow_surrounded_room,
          minmay_temple_entry_arrows, serial_undead, serial_undead_e,
          serial_undead_e, serial_undead_c, serial_undead_b,
          gammafunk_ghost_grave
D:7:      layout_rooms, mainiacjoe_overflow_chevrons,
          nicolae_overflow_crystal_walls
D:8:      minmay_chambers_of_sevens, layout_loops_ring
Temple:   regret_index_temple_sphere_string

Skill      XL: |  1  2  3  4  5  6  7  8  9 10 |
---------------+-------------------------------+-----
Conjurations   | 2 3 4 5 6 7 8 9 |  9.3
Fire Magic     | 4 5 6 7 9 10 | 10.5
Spellcasting   | 3 4 5 6 |  6.3
Armour         | 1 3 5 6 7 |  7.1
Translocations | 1 |  1.0
Short Blades   | 2 |  2.0
Dodging        | |  2.1
Stealth        | |  2.0

Action                     |  1- 3 |  4- 6 |  7- 9 | 10-12 || total
---------------------------+-------+-------+-------+-------++-------
  Melee: Spear             |     9 |    40 |       |       ||    49
         Kick              |     1 |     9 |    43 |     5 ||    58
         Peck              |       |     5 |    24 |     5 ||    34
         Punch             |       |     1 |     3 |       ||     4
         Dagger            |       |       |    60 |       ||    60
         Rapier            |       |       |    63 |    17 ||    80
         Unarmed           |       |       |     9 |       ||     9
   Cast: Foxfire           |    26 |    51 |    47 |     7 ||   131
         Scorch            |     4 |    22 |    95 |    38 ||   159
         Flame Wave        |       |       |     2 |       ||     2
         Volatile Blastmot |       |       |     2 |       ||     2
  Evoke: Wand              |       |       |       |     4 ||     4
    Use: Scroll            |       |    10 |     4 |       ||    14
         Potion            |       |       |       |     1 ||     1
   Stab: Sleeping          |     2 |     2 |     3 |     1 ||     8
 Armour: Robe              |     7 |     5 |       |       ||    12
         Ring mail         |       |     8 |    70 |    21 ||    99
         Skin              |       |       |     3 |       ||     3
  Dodge: Dodged            |    12 |    22 |   118 |    24 ||   176
